TOP OF THE 1ST |
Northville Eclipse batting - Pitching for Crescent City Krewe : RHP Ramón Aragón
|
Pitching: RHP Ramón Aragón
|
|
Batting: LHB Jorge Napolez
|
0-0: Ball 1-0: Called Strike 1-1: Swinging Strike 1-2: Strikes out swinging
|
Batting: RHB Daniel Marley
|
0-0: Ball 1-0: Swinging Strike 1-1: Swinging Strike 1-2: SINGLE (Groundball, 4MD, EV 96.2 MPH)
|
Batting: SHB Shing Li
|
0-0: Ball 1-0: Fly out, F9 (Flyball, 89M, EV 95.0 MPH)
|
Batting: RHB Jesús Mancebo
|
0-0: Ball 1-0: Called Strike 1-1: SINGLE (Flyball, 4D, EV 86.9 MPH) Daniel Marley to second
|
Batting: SHB Javier Murillo
|
0-0: Ball 1-0: Swinging Strike 1-1: Foul Ball, location: 2F 1-2: Strikes out swinging
|
Top of the 1st over - 0 runs, 2 hits, 0 errors, 2 left on base; Northville 0 - Crescent City 0 |
BOTTOM OF THE 1ST |
Crescent City Krewe batting - Pitching for Northville Eclipse : RHP Miguel Villalobos
|
Pitching: RHP Miguel Villalobos
|
|
Batting: SHB David Knight
|
0-0: Swinging Strike 0-1: Foul Ball, location: 2F 0-2: Ball 1-2: Fly out, F8 (Flyball, 78XD, EV 89.4 MPH)
|
Batting: RHB Juan David Fernán
|
0-0: SINGLE (Line Drive, 9S, EV 98.1 MPH)
|
Batting: RHB Norbert Schalk
|
0-0: Called Strike 0-1: Ball 1-1: Ball Juan David Fernán steals 2nd base 2-1: Ground out 6-3 (Groundball, 6M, EV 80.6 MPH) Juan David Fernán to third
|
Batting: LHB Dustin Damitz
|
0-0: Ground out 6-3 (Groundball, 6, EV 81.2 MPH)
|
Bottom of the 1st over - 0 runs, 1 hit, 0 errors, 1 left on base; Northville 0 - Crescent City 0 |
TOP OF THE 2ND |
Northville Eclipse batting - Pitching for Crescent City Krewe : RHP Ramón Aragón
|
Batting: RHB Kuan Pi
|
0-0: Ball 1-0: Ground out 6-3 (Groundball, 6, EV 100.0 MPH)
|
Batting: RHB Lex van Esch
|
0-0: Ground out 5-3 (Groundball, 56, EV 85.6 MPH)
|
Batting: RHB Junji Ito
|
0-0: Ball 1-0: Ball 2-0: SINGLE (Groundball, 6D, EV 103.1 MPH)
|
Batting: RHB Bastien Oudin
|
0-0: SINGLE (Groundball, 6MD, EV 103.8 MPH) Junji Ito to second Runner from 2nd tries for 3rd, SAFE, no throw by CF
|
Batting: LHB Jorge Napolez
|
0-0: Ball 1-0: Swinging Strike 1-1: Ball 2-1: Ball 3-1: Called Strike 3-2: Base on Balls Bastien Oudin to second
|
Batting: RHB Daniel Marley
|
0-0: Fielders Choice at 2nd, 6-4 (Groundball, 6, EV 84.4 MPH)
|
Top of the 2nd over - 0 runs, 2 hits, 0 errors, 3 left on base; Northville 0 - Crescent City 0 |
BOTTOM OF THE 2ND |
Crescent City Krewe batting - Pitching for Northville Eclipse : RHP Miguel Villalobos
|
Batting: RHB Anthony Roosemont
|
0-0: Fly out, F4 (Flyball, 4MD, EV 74.4 MPH)
|
Batting: LHB Reggie Gommers
|
0-0: Ground out 6-3 (Groundball, 6, EV 108.1 MPH)
|
Batting: RHB Martin Stevens
|
0-0: Ball 1-0: Hit by Pitch
|
Batting: RHB Sergio Vargas
|
0-0: Called Strike 0-1: Fly out, F8 (Flyball, 8RD, EV 93.8 MPH)
|
Bottom of the 2nd over - 0 runs, 0 hits, 0 errors, 1 left on base; Northville 0 - Crescent City 0 |
TOP OF THE 3RD |
Northville Eclipse batting - Pitching for Crescent City Krewe : RHP Ramón Aragón
|
Batting: SHB Shing Li
|
0-0: Called Strike 0-1: Ball 1-1: Ball 2-1: Foul Ball, location: 2F 2-2: Ball 3-2: Foul Ball, location: 2F 3-2: Ground out 6-3 (Groundball, 6, EV 86.9 MPH)
|
Batting: RHB Jesús Mancebo
|
0-0: Ball 1-0: Called Strike 1-1: Ball 2-1: Fly out, F2 (Popup, 23F, EV 87.5 MPH)
|
Batting: SHB Javier Murillo
|
0-0: Ground out 4-3 (Groundball, 4, EV 83.8 MPH)
|
Top of the 3rd over - 0 runs, 0 hits, 0 errors, 0 left on base; Northville 0 - Crescent City 0 |
BOTTOM OF THE 3RD |
Crescent City Krewe batting - Pitching for Northville Eclipse : RHP Miguel Villalobos
|
Batting: RHB Heng-zong Pao
|
0-0: SINGLE (Line Drive, 7LS, EV 108.1 MPH)
|
Batting: SHB David Knight
|
0-0: Ball 1-0: Ball 2-0: Ball 3-0: Called Strike 3-1: Called Strike 3-2: Fielders Choice at 2nd, 3-6 (Groundball, 34S, EV 83.8 MPH)
|
Batting: RHB Juan David Fernán
|
0-0: Ball 1-0: Ground out 5-3 (Groundball, 56S, EV 68.8 MPH) David Knight to second
|
Batting: RHB Norbert Schalk
|
0-0: Called Strike 0-1: Swinging Strike 0-2: Ball 1-2: Fly out, F5 (Line Drive, 5, EV 63.8 MPH)
|
Bottom of the 3rd over - 0 runs, 1 hit, 0 errors, 1 left on base; Northville 0 - Crescent City 0 |
TOP OF THE 4TH |
Northville Eclipse batting - Pitching for Crescent City Krewe : RHP Ramón Aragón
|
Batting: RHB Kuan Pi
|
0-0: Foul Ball, location: 2F 0-1: Fly out, F6 (Popup, 6MD, EV 51.9 MPH)
|
Batting: RHB Lex van Esch
|
0-0: Ball 1-0: Called Strike 1-1: Called Strike 1-2: Foul Ball, location: 2F 1-2: Foul Ball, location: 2F 1-2: SINGLE (Groundball, 34D, EV 97.5 MPH)
|
Batting: RHB Junji Ito
|
0-0: Ball 1-0: Called Strike 1-1: Grounds into double play, 6-4-3 (Groundball, 6M, EV 107.5 MPH)
|
Top of the 4th over - 0 runs, 1 hit, 0 errors, 0 left on base; Northville 0 - Crescent City 0 |
BOTTOM OF THE 4TH |
Crescent City Krewe batting - Pitching for Northville Eclipse : RHP Miguel Villalobos
|
Batting: LHB Dustin Damitz
|
0-0: Swinging Strike 0-1: Foul Ball, location: 2F 0-2: Fly out, F7 (Flyball, 78D, EV 89.4 MPH)
|
Batting: RHB Anthony Roosemont
|
0-0: SINGLE (Flyball, 89M, EV 87.5 MPH)
|
Batting: LHB Reggie Gommers
|
0-0: Ball 1-0: Grounds into double play, 6-4-3 (Groundball, 6, EV 94.4 MPH)
|
Bottom of the 4th over - 0 runs, 1 hit, 0 errors, 0 left on base; Northville 0 - Crescent City 0 |
TOP OF THE 5TH |
Northville Eclipse batting - Pitching for Crescent City Krewe : RHP Ramón Aragón
|
Batting: RHB Bastien Oudin
|
0-0: SOLO HOME RUN (Flyball, 78XD, EV 113.1 MPH), Distance : 424 ft
|
Batting: LHB Jorge Napolez
|
0-0: Ball 1-0: Ball 2-0: Swinging Strike 2-1: Ball 3-1: DOUBLE (Line Drive, 8RXD, EV 105.6 MPH)
|
Batting: RHB Daniel Marley
|
0-0: SINGLE (Line Drive, 6, EV 99.4 MPH) Jorge Napolez to third
|
Batting: SHB Shing Li
|
0-0: Foul Ball, location: 2F 0-1: Swinging Strike 0-2: SINGLE (Groundball, 6D, EV 111.2 MPH) Jorge Napolez scores Daniel Marley to second
|
Batting: RHB Jesús Mancebo
|
0-0: Ball 1-0: DOUBLE (Flyball, 78D, EV 88.8 MPH) Daniel Marley scores Shing Li to third Runner from 3rd tries for Home, SAFE, throw by CF to home
|
Batting: SHB Javier Murillo
|
0-0: Fly out, F7 (Flyball, 7, EV 88.1 MPH)
|
Batting: RHB Kuan Pi
|
0-0: Foul Ball, location: 2F 0-1: Swinging Strike 0-2: Strikes out looking
|
Batting: RHB Lex van Esch
|
0-0: Ball 1-0: Fly out, F8 (Line Drive, 8RM, EV 106.9 MPH)
|
Top of the 5th over - 4 runs, 5 hits, 0 errors, 1 left on base; Northville 4 - Crescent City 0 |
BOTTOM OF THE 5TH |
Crescent City Krewe batting - Pitching for Northville Eclipse : RHP Miguel Villalobos
|
Batting: RHB Martin Stevens
|
0-0: Called Strike 0-1: Foul Ball, location: 2F 0-2: SINGLE (Line Drive, 6MD, EV 103.1 MPH)
|
Batting: RHB Sergio Vargas
|
0-0: Ball 1-0: Grounds into double play, 4-6-3 (Groundball, 4, EV 106.9 MPH)
|
Batting: RHB Heng-zong Pao
|
0-0: Ball 1-0: Foul Ball, location: 2F 1-1: Hit by Pitch
|
Batting: SHB David Knight
|
0-0: Called Strike 0-1: Ball 1-1: Fielders Choice at 2nd, 6-4 (Groundball, 6, EV 89.4 MPH)
|
Bottom of the 5th over - 0 runs, 1 hit, 0 errors, 1 left on base; Northville 4 - Crescent City 0 |
TOP OF THE 6TH |
Northville Eclipse batting - Pitching for Crescent City Krewe : RHP Ramón Aragón
|
Batting: RHB Junji Ito
|
0-0: Ground out 4-3 (Groundball, 34, EV 85.6 MPH)
|
Batting: RHB Bastien Oudin
|
0-0: Ball 1-0: Called Strike 1-1: Ball 2-1: SINGLE (Groundball, 34D, EV 103.8 MPH)
|
Batting: LHB Jorge Napolez
|
0-0: Ball 1-0: Foul Ball, location: 2F 1-1: Foul Ball, location: 2F 1-2: Ball 2-2: Strikes out swinging
|
Batting: RHB Daniel Marley
|
0-0: Swinging Strike 0-1: Ball 1-1: Ball 2-1: Foul Ball, location: 2F 2-2: Strikes out swinging
|
Top of the 6th over - 0 runs, 1 hit, 0 errors, 1 left on base; Northville 4 - Crescent City 0 |
BOTTOM OF THE 6TH |
Crescent City Krewe batting - Pitching for Northville Eclipse : RHP Miguel Villalobos
|
Batting: RHB Juan David Fernán
|
0-0: Called Strike 0-1: Swinging Strike 0-2: Foul Ball, location: 2F 0-2: Ball 1-2: Fly out, F8 (Flyball, 89M, EV 81.2 MPH)
|
Batting: RHB Norbert Schalk
|
0-0: Foul Ball, location: 2F 0-1: SINGLE (Groundball, 6D, EV 109.4 MPH)
|
Batting: LHB Dustin Damitz
|
0-0: Foul Ball, location: 2F 0-1: Fly out, F7 (Flyball, 7, EV 85.6 MPH)
|
Batting: RHB Anthony Roosemont
|
0-0: Ball 1-0: Ball 2-0: Ball 3-0: Base on Balls Norbert Schalk to second
|
Batting: LHB Reggie Gommers
|
0-0: Called Strike 0-1: Foul Ball, location: 2F 0-2: Ball 1-2: Fielders Choice at 2nd, U4 (Groundball, 4M, EV 105.6 MPH)
|
Bottom of the 6th over - 0 runs, 1 hit, 0 errors, 2 left on base; Northville 4 - Crescent City 0 |
TOP OF THE 7TH |
Northville Eclipse batting - Pitching for Crescent City Krewe : RHP Ramón Aragón
|
Batting: SHB Shing Li
|
0-0: Ball 1-0: Foul Ball, location: 2F 1-1: Called Strike 1-2: Ball 2-2: Foul Ball, location: 2F 2-2: Reached on error, E1 (Groundball, P, EV 80.6 MPH)
|
Pitching: RHP Charles Cleveland
|
|
Batting: RHB Jesús Mancebo
|
0-0: Swinging Strike 0-1: Foul Ball, location: 2F 0-2: Ball 1-2: Strikes out looking
|
Batting: SHB Javier Murillo
|
0-0: Swinging Strike 0-1: Fly out, F9 (Flyball, 9LD, EV 86.2 MPH) Runner from 2nd tags up, SAFE at 3rd, no throw by RF
|
Batting: RHB Kuan Pi
|
0-0: Ball 1-0: Called Strike 1-1: Foul Ball, location: 2F 1-2: Strikes out looking
|
Top of the 7th over - 0 runs, 0 hits, 1 error, 1 left on base; Northville 4 - Crescent City 0 |
BOTTOM OF THE 7TH |
Crescent City Krewe batting - Pitching for Northville Eclipse : RHP Miguel Villalobos
|
Batting: RHB Martin Stevens
|
0-0: Ball 1-0: Foul Ball, location: 2F 1-1: Ball 2-1: Foul Ball, location: 2F 2-2: Strikes out swinging
|
Batting: RHB Sergio Vargas
|
0-0: Called Strike 0-1: Ball 1-1: Ground out 1-3 (Groundball, 34S, EV 76.2 MPH)
|
Batting: RHB Heng-zong Pao
|
0-0: Ball 1-0: Called Strike 1-1: Called Strike 1-2: Foul Ball, location: 2F 1-2: Foul Ball, location: 2F 1-2: Strikes out swinging
|
Bottom of the 7th over - 0 runs, 0 hits, 0 errors, 0 left on base; Northville 4 - Crescent City 0 |
TOP OF THE 8TH |
Northville Eclipse batting - Pitching for Crescent City Krewe : RHP Charles Cleveland
|
Batting: RHB Lex van Esch
|
0-0: Ball 1-0: Called Strike 1-1: DOUBLE (Flyball, 8RXD, EV 96.2 MPH)
|
Batting: RHB Junji Ito
|
0-0: Fly out, F4 (Popup, 4S, EV 65.6 MPH)
|
Batting: RHB Bastien Oudin
|
0-0: Ball 1-0: TRIPLE (Line Drive, 9LD, EV 106.2 MPH) Lex van Esch scores
|
Batting: LHB Jorge Napolez
|
0-0: Hit by Pitch
|
Batting: RHB Daniel Marley
|
0-0: Called Strike Jorge Napolez steals 2nd base (no throw) 0-1: SINGLE (Flyball, 6D, EV 93.8 MPH) Bastien Oudin scores Jorge Napolez to third
|
Batting: SHB Shing Li
|
0-0: Called Strike 0-1: Ball 1-1: 3-RUN HOME RUN (Flyball, 9D, EV 108.1 MPH), Distance : 384 ft
|
Pitching: RHP Mauro Sandín
|
|
Batting: RHB Jesús Mancebo
|
0-0: Called Strike 0-1: Ball 1-1: Foul Ball, location: 2F 1-2: Foul Ball, location: 2F 1-2: Ground out 5-3 (Groundball, 56, EV 105.6 MPH)
|
Pinch Hitting: LHB Javier López
|
0-0: Foul Ball, location: 2F 0-1: Ball 1-1: Called Strike 1-2: Foul Ball, location: 2F 1-2: DOUBLE (Line Drive, 7LS, EV 109.4 MPH)
|
Batting: RHB Kuan Pi
|
0-0: Ball 1-0: Foul Ball, location: 2F 1-1: Ball 2-1: Ball 3-1: Base on Balls
|
Pinch Hitting: RHB Daniel Divina
|
0-0: SINGLE (Flyball, 8LS, EV 94.4 MPH) Javier López to third Kuan Pi to second Runner from 3rd tries for Home, SAFE, throw by CF to home
|
Batting: RHB Junji Ito
|
0-0: Ground out 5-3 (Groundball, 56S, EV 77.5 MPH)
|
Top of the 8th over - 6 runs, 6 hits, 0 errors, 2 left on base; Northville 10 - Crescent City 0 |
BOTTOM OF THE 8TH |
Crescent City Krewe batting - Pitching for Northville Eclipse : RHP Miguel Villalobos
|
Now at 3B: Daniel Divina
|
|
Now in RF: Ricardo Urby
|
|
Batting: SHB David Knight
|
0-0: Ground out 4-3 (Groundball, 4, EV 84.4 MPH)
|
Batting: RHB Juan David Fernán
|
0-0: Called Strike 0-1: Foul Ball, location: 2F 0-2: Ball 1-2: SINGLE (Line Drive, 7S, EV 93.1 MPH)
|
Batting: RHB Norbert Schalk
|
0-0: Called Strike 0-1: Called Strike 0-2: Fielders Choice at 2nd, 5-4 (Groundball, 56, EV 86.2 MPH)
|
Batting: LHB Dustin Damitz
|
0-0: Ball 1-0: Ground out U3 (Groundball, 3, EV 91.9 MPH)
|
Bottom of the 8th over - 0 runs, 1 hit, 0 errors, 1 left on base; Northville 10 - Crescent City 0 |
TOP OF THE 9TH |
Northville Eclipse batting - Pitching for Crescent City Krewe : RHP Mauro Sandín
|
Pitching: RHP Pat Martin
|
|
Batting: RHB Bastien Oudin
|
0-0: Called Strike 0-1: Foul Ball, location: 2F 0-2: Ball 1-2: SINGLE (Groundball, 56, EV 86.2 MPH) (infield hit)
|
Batting: LHB Jorge Napolez
|
Balk! Bastien Oudin to second
|
Pinch Hitting: RHB Daron Mack
|
0-0: Ball 1-0: Called Strike 1-1: Fly out, F4 (Line Drive, 4, EV 66.9 MPH)
|
Batting: RHB Daniel Marley
|
0-0: Ball 1-0: DOUBLE (Line Drive, 5D, EV 98.8 MPH) Bastien Oudin scores
|
Batting: SHB Shing Li
|
0-0: Called Strike 0-1: Fly out, F7 (Flyball, 7S, EV 94.4 MPH)
|
Pinch Hitting: RHB Eduardo Cruz
|
0-0: Ball 1-0: Foul Ball, location: 2F 1-1: Foul Ball, location: 2F 1-2: Ball 2-2: Foul Ball, location: 2F 2-2: Ball 3-2: Ground out 4-3 (Groundball, 4, EV 81.9 MPH)
|
Top of the 9th over - 1 run, 2 hits, 0 errors, 1 left on base; Northville 11 - Crescent City 0 |
BOTTOM OF THE 9TH |
Crescent City Krewe batting - Pitching for Northville Eclipse : RHP Miguel Villalobos
|
Now at C: Eduardo Cruz
|
|
Now in LF: Daron Mack
|
|
Batting: RHB Anthony Roosemont
|
0-0: Reached on error, E5 (Groundball, 56, EV 81.2 MPH)
|
Pinch Hitting: RHB José Bermúdez
|
0-0: Ball 1-0: Called Strike 1-1: Ball 2-1: Swinging Strike 2-2: Strikes out swinging
|
Batting: RHB Martin Stevens
|
0-0: Ball 1-0: Swinging Strike 1-1: Ball 2-1: Ball 3-1: Foul Ball, location: 2F 3-2: Foul Ball, location: 2F 3-2: Ground out 5-3 (Groundball, 56S, EV 93.1 MPH)
|
Batting: RHB Sergio Vargas
|
0-0: Ball 1-0: Ball 2-0: Called Strike 2-1: Foul Ball, location: 2F 2-2: Ball 3-2: Strikes out swinging
|
Bottom of the 9th over - 0 runs, 0 hits, 1 error, 1 left on base; Northville 11 - Crescent City 0 |
|